 Dungeon Sprint DCSS version 0.30-a0-368-g86fb4627a9 (webtiles) character file.

Game seed: 6734347122503953092

4315 mhtbhm the Protected (level 10, -14/97 HPs)
             Began as an Armataur Fighter on Nov 18, 2022.
             Was the Champion of the Shining One.
             Killed from afar by a lindwurm (27 damage)
             ... with a blast of flame
             ... in the Dungeon (Sprint VII: "The Pits").
             The game lasted 00:02:49 (1122 turns).

mhtbhm the Protected (Armataur Fighter)             Turns: 1122, Time: 00:02:50

Health: -14/97     AC: 15    Str: 28    XL:     10   Next: 11%
Magic:  17/17      EV:  7    Int: 13    God:    the Shining One [******]
Gold:   0          SH:  6    Dex:  9    Spells: 9/9 levels left

rFire   . . .      SeeInvis .    a - +4 hand axe (freeze)
rCold   . . .      Faith    .    c - +0 buckler
rNeg    + + +      Spirit   .    b - +4 chain mail
rPois   .          Reflect  .    (no helmet)
rElec   .          Harm     .    (no cloak)
rCorr   .          Roll     +    (no gloves)
Will    .....      NoTele   +    (no barding)
Stlth   ..........               (no amulet)
HPRegen 0.36/turn                m - +3 ring of strength
MPRegen 0.15/turn                n - +3 ring of intelligence

@: glowing
A: large, rugged brown scales 3, deformed body, armoured tail, roll, long
tongue, awkward tongue
a: Renounce Religion, Divine Shield, Cleansing Flame, Summon Divine Warrior,
Brand Weapon With Holy Wrath


You were in the Dungeon.
You worshipped the Shining One.
The Shining One was exalted by your worship.
You visited 1 branch

Inventory:

Hand Weapons
 a - a +4 hand axe of freezing (weapon)
Armour
 b - a +4 chain mail (worn)
 c - a +0 buckler (worn)
Jewellery
 m - a +3 ring of strength (left hand)
 n - a +3 ring of intelligence (right hand)
Scrolls
 j - a scroll of blinking
 k - 5 scrolls of amnesia
 l - a scroll of summoning
Potions
 d - 5 potions of might
 e - 4 potions of curing
 f - 4 potions of heal wounds
 g - 4 potions of haste
 h - 4 potions of magic
 i - 3 potions of berserk rage


   Skills:
 + Level 9.3 Fighting
 + Level 10.9 Axes
 + Level 12.4 Armour
 + Level 3.3 Dodging
 + Level 11.5 Shields
 * Level 10.4 Invocations


You had 9 spell levels left.
You didn't know any spells.
Your spell library was empty.

Dungeon Overview and Level Annotations

Branches:
Dungeon (1/1)

Altars:
Ashenzari
Cheibriados
Dithmenos
Elyvilon
Fedhas
Gozag
Hepliaklqana
Kikubaaqudgha
Makhleb
Nemelex Xobeh
Okawaru
Qazlal
Ru
Sif Muna
Trog
Uskayaw
Vehumet
Wu Jian
Xom
Yredelemnul
Zin
The Shining One
Jiyva
Lugonu


Innate Abilities, Weirdness & Mutations

You are completely covered in rugged brown scales. (AC +3, +7% HP)
Armour fits poorly on your strangely shaped body.
You have a long armoured tail.
You roll when moving toward enemies. (Rampage)
Your long tongue fully drains potion bottles. (2x potion effects)
Your tongue gives you trouble enunciating. (1.5x scroll delay)


Message History

No target in view!
No target in view!
You start resting.
HP restored.
You open the door.
A cyclops and a lindwurm come into view.
The lindwurm breathes flames at you. The blast of flame hits you!!
You roll towards the cyclops!
A bat comes into view.
The bat barely misses you.
You slash the cyclops! You freeze the cyclops.
The cyclops is lightly wounded.
You hit the lindwurm. You freeze the lindwurm. You slash the bat!
You freeze the bat.
You kill the bat!
The lindwurm bites you but does no damage.
The lindwurm completely misses you. You block the lindwurm's attack.
The cyclops hits you!!
You hit the cyclops but do no damage.
The cyclops is lightly wounded.
You hit the lindwurm but do no damage. You block the lindwurm's attack.
The lindwurm claws you.
The lindwurm claws you but does no damage.
Unknown command.
You slash the cyclops! You freeze the cyclops.
The cyclops is heavily wounded.
You hit the lindwurm but do no damage. The cyclops hits you!!
The lindwurm breathes flames at you. The blast of flame hits you.
You slash the cyclops! You freeze the cyclops.
The cyclops is severely wounded.
You hit the lindwurm but do no damage. The cyclops hits you!!
* * * LOW HITPOINT WARNING * * *
You slash the cyclops! You freeze the cyclops.
You kill the cyclops!
You hit the lindwurm. You freeze the lindwurm.
The lindwurm breathes flames at you. The blast of flame hits you!!
You die...

#'#####''######
.....##''#########
.....##.÷))......#
.....##..).......+
.<...##..#####...#
.....##..'.).#...
.....##..#...#..
.....##..#...#.#####
#######..#####.'@(.#
#######........#.k.+
#..[.##........#...#
#..[[###†###)..#...#
'..))##.(..+...#+###
#..))##....#.....
#..))##....#......
###################


You could see a lindwurm (catching breath).

Vanquished Creatures
  An orc high priest (D)
  A lindwurm (D)
  A manticore (D)
  2 cyclopes (D)
  2 hornets (D)
  2 flying skulls (D)
  3 yaks (D)
  A ynoxinul (D)
  A fire bat (D)
  A redback (D)
  A floating eye (D)
  An orc warrior (D)
  A sky beast (D)
  An ogre (D)
  A kobold brigand (D)
  2 necrophages (D)
  3 wights (D)
  A hound (D)
  A jelly (D)
  2 orc priests (D)
  An iguana (D)
  3 adders (D)
  3 river rats (D)
  6 orcs (D)
  2 bats (D)
  A giant cockroach (D)
  2 quokkas (D)
  A ball python zombie (D)
  A kobold (D)
  A rat (D)
50 creatures vanquished.

Notes
Turn   | Place    | Note
-------+----------+-------------------------------------------
     0 | D        | mhtbhm the Armataur Fighter began the quest for the Orb.
     0 | D        | Reached XP level 1. HP: 19/19 MP: 1/1
    18 | D        | Found a bloodstained altar of Trog.
    18 | D        | Found a shimmering blue altar of Sif Muna.
    18 | D        | Found a viscous altar of Jiyva.
    18 | D        | Found a hazy altar of Hepliaklqana.
    18 | D        | Found an opulent altar of Gozag.
    19 | D        | Found a glowing golden altar of the Shining One.
    19 | D        | Found a glowing silver altar of Zin.
    19 | D        | Found a basalt altar of Yredelemnul.
    19 | D        | Found a shimmering altar of Xom.
    19 | D        | Found an ornate altar of the Wu Jian Council.
    19 | D        | Found a sacrificial altar of Ru.
    19 | D        | Found a stormy altar of Qazlal.
    19 | D        | Found an iron altar of Okawaru.
    19 | D        | Found a sparkling altar of Nemelex Xobeh.
    19 | D        | Found a burning altar of Makhleb.
    19 | D        | Found a blossoming altar of Fedhas.
    19 | D        | Found a white marble altar of Elyvilon.
    19 | D        | Found a shadowy altar of Dithmenos.
    19 | D        | Found a snail-covered altar of Cheibriados.
    21 | D        | Found a radiant altar of Vehumet.
    21 | D        | Found a corrupted altar of Lugonu.
    22 | D        | Found a hide-covered altar of Uskayaw.
    22 | D        | Found an ancient bone altar of Kikubaaqudgha.
    22 | D        | Found a broken altar of Ashenzari.
    24 | D        | Became a worshipper of the Shining One
    64 | D        | Reached skill level 4 in Armour
    64 | D        | Reached XP level 2. HP: 27/27 MP: 2/2
    72 | D        | Reached skill level 5 in Armour
    75 | D        | Reached * piety under the Shining One
    78 | D        | Reached XP level 3. HP: 35/35 MP: 3/3
    88 | D        | Noticed a floating eye
    94 | D        | Killed a floating eye
    95 | D        | Reached skill level 5 in Fighting
    95 | D        | Reached skill level 6 in Armour
    95 | D        | Reached XP level 4. HP: 44/44 MP: 3/6
    95 | D        | Reached XP level 5. HP: 51/51 MP: 3/7
   104 | D        | Reached skill level 1 in Dodging
   194 | D        | Reached ** piety under the Shining One
   194 | D        | Noticed a flying skull
   194 | D        | Noticed a flying skull
   194 | D        | Reached *** piety under the Shining One
   205 | D        | Killed a flying skull
   206 | D        | Reached skill level 7 in Armour
   206 | D        | Reached XP level 6. HP: 60/60 MP: 7/9
   208 | D        | Reached **** piety under the Shining One
   211 | D        | Reached skill level 5 in Axes
   211 | D        | Reached skill level 8 in Armour
   211 | D        | Reached skill level 5 in Invocations
   212 | D        | Noticed a sky beast
   215 | D        | Reached ***** piety under the Shining One
   221 | D        | Killed a flying skull
   222 | D        | Reached XP level 7. HP: 68/68 MP: 9/11
   230 | D        | Reached skill level 9 in Armour
   305 | D        | Noticed a redback
   308 | D        | Killed a redback
   328 | D        | Reached ****** piety under the Shining One
   338 | D        | Reached XP level 8. HP: 78/78 MP: 13/13
   451 | D        | Noticed a lindwurm
   467 | D        | Killed a lindwurm
   476 | D        | Reached skill level 10 in Armour
   694 | D        | Reached skill level 10 in Shields
   696 | D        | Reached XP level 9. HP: 57/87 MP: 15/15
   699 | D        | Noticed an orc high priest
   701 | D        | Noticed a smoke demon
   705 | D        | Noticed a sun demon
   705 | D        | Noticed a red devil
   719 | D        | HP: 2/87 [red devil/+0 trident[an orc high priest] (18)]
   721 | D        | Noticed a red devil
   722 | D        | Killed an orc high priest
   723 | D        | Reached skill level 10 in Axes
   723 | D        | Reached skill level 11 in Armour
   879 | D        | Noticed a manticore
   879 | D        | Noticed a cyclops
   889 | D        | Killed a manticore
   890 | D        | Reached skill level 12 in Armour
   890 | D        | Reached skill level 10 in Invocations
   904 | D        | Killed a cyclops
   905 | D        | Reached XP level 10. HP: 40/97 MP: 17/17
  1116 | D        | Noticed a cyclops
  1116 | D        | Noticed a lindwurm
  1122 | D        | Killed a cyclops
  1122 | D        | Killed from afar by a lindwurm

Illustrated notes

Levels and vault maps discovered:
D:        pitsprint [storerooms_1, entrance_room_1, metal_vault_8, armoury_1,
          mini_pit_1, grid_room_1, main_hall_1, silver_pit, the_coven_1,
          the_vestibule_1, steel_vault_1, golden_pit, hallway_of_sentries,
          crystal_vault_5, iron_vault_4, final_vault]

Skill      XL: |  1  2  3  4  5  6  7  8  9 |
---------------+----------------------------+-----
Fighting       | 3 4 5 6 7 8 9 |  9.3
Axes           | 2 3 4 6 7 9 10 | 10.9
Armour         | 4 5 6 7 8 9 10 12 | 12.4
Shields        | 4 6 7 8 9 10 11 | 11.5
Invocations    | 3 4 6 7 8 10 | 10.4
Dodging        | 1 2 3 |  3.3

Action                   |  1- 3 |  4- 6 |  7- 9 | 10-12 || total
-------------------------+-------+-------+-------+-------++-------
Melee: Hand axe          |    19 |    23 |   112 |     8 ||   162
       War axe           |     2 |       |       |       ||     2
       Tailslap          |     3 |     4 |    21 |     1 ||    29
Invok: Divine Shield     |       |       |     1 |       ||     1
       Cleansing Flame   |       |       |     1 |       ||     1
  Use: Potion            |       |     1 |     6 |       ||     7
Armor: Scale mail        |     6 |     4 |       |       ||    10
       Plate armour      |       |     6 |    27 |       ||    33
       Chain mail        |       |       |    36 |     2 ||    38
Dodge: Dodged            |     4 |     2 |    34 |     2 ||    42
Block: Buckler           |     9 |     8 |    52 |     2 ||    71

Table legend: (Time is in decaauts)
 A = Elapsed time spent in this place.
 B = Non-inter-level travel time spent in this place.
 C = Inter-level travel time spent in this place.
 D = Time resting spent in this place.
 E = Time spent auto-exploring this place.
 F = Levels seen in this place.
 G = Mean time per level.
                   A        B        C        D        E       F      G
               +--------+--------+--------+--------+--------+-----+--------+
         Total |   1120 |   1120 |      0 |    568 |     64 |   1 | 1120.0 |
       Dungeon |   1120 |   1120 |      0 |    568 |     64 |   1 | 1120.0 |
               +--------+--------+--------+--------+--------+-----+--------+

Top non-repeatable levels by time:
       D: 1120 daAuts
